 Dungeon Crawl Stone Soup version 0.21-a0-528-gf531e82 (webtiles) character file.

51 Amnesiac the Shooter (level 3, 0/27 HPs)
             Began as a Mummy Hunter on Dec 8, 2017.
             Slain by a worm (4 damage)
             ... on level 2 of the Dungeon.
             The game lasted 00:02:13 (1369 turns).

Amnesiac the Shooter (Mummy Hunter)                 Turns: 1369, Time: 00:02:14

Health: 0/27       AC:  5    Str: 15    XL:     3   Next: 58%
Magic:  4/4        EV: 11    Int: 11    God:
Gold:   52         SH:  0    Dex: 14    Spells: 4/4 levels left

rFire    x . .     SeeInvis .   b - +1 whip (venom)
rCold    + . .     Gourm    .   (no shield)
rNeg     + + +     Faith    .   g - +0 ring mail
rPois    ∞         Spirit   .   (no helmet)
rElec    .         Reflect  .   (no cloak)
rCorr    .         Harm     .   (no gloves)
MR       .....                  (no boots)
Stlth    +.........             (no amulet)
HPRegen  0.09/turn              e - +2 ring of dexterity
MPRegen  0.09/turn              (no ring)

@: no status effects
A: no food or potions, fire vulnerability, cold resistance 1, negative energy
resistance 3, torment resistance, unbreathing
a: no special abilities


You were on level 2 of the Dungeon.
You were not hungry.

You visited 1 branch of the dungeon, and saw 2 of its levels.

You collected 52 gold pieces.

Inventory:

Hand Weapons
 a - a +1 shortbow
 b - a +1 whip of venom (weapon)
 f - a +0 short sword
 l - a +0 spear
Missiles
 d - 19 arrows
 i - 12 poisoned needles
Armour
 c - a +0 cloak
 g - a +0 ring mail (worn)
Jewellery
 e - a +2 ring of dexterity (left hand)
 j - an uncursed amulet of guardian spirit {unknown}
Scrolls
 h - 2 scrolls of identify {!r, unknown}
 k - a scroll of teleportation {!r, unknown}


   Skills:
 + Level 2.2 Fighting
 * Level 3.5 Bows
 + Level 1.7 Armour
 + Level 1.8 Dodging
 - Level 0.7 Stealth
 + Level 1.1 Spellcasting


You had 4 spell levels left.
You didn't know any spells.

Dungeon Overview and Level Annotations

Branches:
Dungeon (2/15)

Altars:


Innate Abilities, Weirdness & Mutations

You do not eat or drink.
Your flesh is vulnerable to fire.
You are immune to poison.
Your flesh is cold resistant. (rC+)
You are immune to negative energy. (rN+++)
You are immune to unholy pain and torment.
You can survive without breathing.


Message History

A bat comes into view.
The bat moves out of view.
The adder bites you. The adder bites you.
The adder bites you but does no damage. The adder closely misses you.
Things that are here:
a whip of venom; a kobold corpse
l - a whip of venom The adder barely misses you.
Adjust (i)tems, (s)pells, or (a)bilities?
Adjust which item? (? for menu, Esc to quit)
l - a whip of venom Adjust to which letter? (? for menu, Esc to quit)
b - a whip of venom;
l - a +0 spear (weapon)
a - a +1 shortbow (weapon)
The adder bites you but does no damage.
Your +1 whip of venom begins to drip with poison!
b - a +1 whip of venom (weapon)
You barely miss the adder. The adder closely misses you.
The adder bites you but does no damage.
You hit the adder.
The adder is poisoned.
The adder is lightly wounded.
The adder closely misses you.
Your ring mail prevents you from hitting the adder.
The adder is moderately wounded.
The adder barely misses you.
You hit the adder.
The adder is heavily wounded.
The adder bites you.
* * * LOW HITPOINT WARNING * * *
The adder barely misses you.
You whack the adder!
You kill the adder!
Your Spellcasting skill increases to level 1!
You hit the frilled lizard.
You kill the frilled lizard!
No target in view!
No target in view!
You start resting.
A goblin comes into view. It is wielding a dagger.
The goblin closely misses you.
You hit the goblin.
The goblin is poisoned.
The goblin is severely wounded.
You kill the goblin!
You see here a kobold corpse.
The worm closely misses you.
You hit the worm.
The worm is lightly wounded.
You hit the worm.
The worm is poisoned.
The worm is moderately wounded.
The worm bites you!
* * * LOW HITPOINT WARNING * * *
You are too injured to fight recklessly!
You are too injured to fight recklessly!
You see here a kobold corpse.
You barely miss the worm.
The worm is moderately wounded.
Unknown command.
You hit the worm.
The worm is heavily wounded.
The worm looks more healthy.
The bat hits you.
* * * LOW HITPOINT WARNING * * *
The worm bites you.
You die...

#######.#####+#.##
.................#
...............>.#
########.####.....#
#g.w.....# #..#..#
#.###########..# .#
#.# #.........#
#.####.######..#
#..gw@b...........
.######)...........#
.........##.#.##...#
.)?...........g......
.#####...##.#.###..#.
....... # # ..#
.........# .?........
.####.#####


You could see a worm, a goblin and a bat.

Vanquished Creatures
  An adder (D:2)
  A worm (D:1)
  4 dart slugs (D:1)
  A leopard gecko (D:1)
  3 bats (D:1)
  2 giant cockroaches (D:1)
  5 goblins
  3 hobgoblins (D:1)
  3 kobolds
  4 frilled lizards
  3 rats (D:1)
30 creatures vanquished.

Notes
Turn   | Place    | Note
-------+----------+-------------------------------------------
     0 | D:1      | Amnesiac the Mummy Hunter began the quest for the Orb.
     0 | D:1      | Reached XP level 1. HP: 16/16 MP: 1/1
    30 | D:1      | Reached skill level 1 in Armour
   158 | D:1      | Reached XP level 2. HP: 22/22 MP: 2/2
   617 | D:1      | Reached XP level 3. HP: 21/27 MP: 3/3
  1345 | D:2      | Reached skill level 1 in Spellcasting
  1369 | D:2      | Slain by a worm

Vault maps used:
D:1:      evilmike_arrival_run_for_it
D:2:      lemuel_upstairs_altar, lemuel_coloured_pillars_altar,
          amethyst_overflow_temple_binary, minmay_tromino_mix6, uniq_jessica,
          uniq_natasha, uniq_terence

Skill      XL: |  1  2  3 |
---------------+----------+-----
Armour         | 1 |  1.7
Spellcasting   | 1 |  1.1
Fighting       | |  2.2
Bows           | |  3.5
Dodging        | |  1.8
Stealth        | |  0.7

Action                   || total
-------------------------++-------
Melee: Spear             ||    79
       Whip              ||    11
 Fire: Shortbow          ||    17
 Stab: Distracted        ||     1
Armor: Leather armour    ||     8
       Ring mail         ||    23
Dodge: Dodged            ||    46

Table legend:
 A = Spawn XP
 B = Non-spawn XP
 C = Spawn XP percentage of total XP
 D = Spawn monster count
 E = Non-spawn monster count
 F = Spawn count percentage of total count
 G = Total turns spent on level
                    A         B        C        D         E        F      G
               +---------+---------+-------+---------+---------+-------+---------
         Total |       0 |      74 |   0.0 |       0 |      30 |   0.0 |  1369
               +---------+---------+-------+---------+---------+-------+---------
           D:1 |       0 |      56 |   0.0 |       0 |      26 |   0.0 |  1296
           D:2 |       0 |      18 |   0.0 |       0 |       4 |   0.0 |    73
               +---------+---------+-------+---------+---------+-------+---------
